 Dungeon Crawl Stone Soup version 0.20.1-1-g8b1a95d66d (webtiles) character file.

4198 Naow the Arsonist (level 10, -2/56 HPs)
             Began as a Deep Elf Fire Elementalist on Nov 20, 2017.
             Was a High Priest of Vehumet.
             Slain by a two-headed ogre
             ... wielding a cursed -2 giant club
              (21 damage)
             ... on level 9 of the Dungeon.
             The game lasted 00:23:03 (10441 turns).

Naow the Arsonist (Deep Elf Fire Elementalist)     Turns: 10441, Time: 00:23:04

Health: -2/56      AC: 12    Str: 10    XL:     10   Next: 8%
Magic:  22/24      EV: 12    Int: 26    God:    Vehumet [*****.]
Gold:   552        SH:  0    Dex: 20    Spells: 14/26 levels left

rFire    . . .     SeeInvis +   A - +9 mace "Golur" {elec, Stlth+}
rCold    . . .     Gourm    .   (no shield)
rNeg     . . .     Faith    .   R - +2 ring mail of Darkness {rPois Str+5 Int-2 SInv}
rPois    +         Spirit   .   h - +2 helmet
rElec    .         Reflect  .   N - +1 cloak
rCorr    .         Harm     .   (no gloves)
MR       +....                  (no boots)
Stlth    +++.......             L - amulet of regeneration
Regen    0.6/turn               k - +3 ring of dexterity
MPRegen  0.2/turn               H - ring "Gij Suuwn" {+Fly Int+4 Dex+2}

@: no status effects
A: no striking features
a: Renounce Religion, Evoke Flight


You were on level 9 of the Dungeon.
You worshipped Vehumet.
Vehumet was extremely pleased with you.
You were not hungry.

You visited 2 branches of the dungeon, and saw 10 of its levels.
You also visited: Sewer.

You collected 552 gold pieces.

Inventory:

Hand Weapons
 o - a +0 dagger
 A - the +9 mace "Golur" (weapon) {elec, Stlth+}
   (You found it on level 6 of the Dungeon)

   Occasionally, upon striking a foe, it will discharge some electrical energy
   and cause terrible harm.
   It makes you more stealthy.
 J - a +0 dagger of flaming
Armour
 a - a +0 robe
 h - a +2 helmet (worn)
 j - a +1 cloak
 N - a +1 cloak (worn)
 R - the +2 ring mail of Darkness (worn) {rPois Str+5 Int-2 SInv}
   (You found it on level 8 of the Dungeon)

   It affects your strength (+5).
   It affects your intelligence (-2).
   It protects you from poison.
   It lets you see invisible.
Jewellery
 k - a +3 ring of dexterity (left hand)
 q - an uncursed amulet of faith {unknown}
 t - an uncursed amulet of inaccuracy
 H - the ring "Gij Suuwn" (right hand) {+Fly Int+4 Dex+2}
   (You found it on level 6 of the Dungeon)

   [ring of flight]

   It affects your intelligence (+4).
   It affects your dexterity (+2).
   It lets you fly.
 L - an amulet of regeneration (around neck)
 O - an uncursed amulet of regeneration
 V - a +3 ring of dexterity
Wands
 i - a wand of paralysis (24/24)
 y - a wand of iceblast (2/15)
 K - a wand of scattershot (4/9)
 M - a wand of polymorph (16/24)
Scrolls
 f - a scroll of fear
 l - 2 scrolls of recharging
 n - a scroll of enchant armour
 p - a scroll of fog
 r - 5 scrolls of identify
 D - 2 scrolls of magic mapping
 E - 4 scrolls of teleportation
 F - a scroll of blinking
 P - 2 scrolls of amnesia {unknown}
 Q - a scroll of enchant weapon {unknown}
 S - a scroll of remove curse
Potions
 d - 2 potions of degeneration {unknown}
 e - a potion of cancellation {unknown}
 g - 5 potions of curing
 m - 7 potions of heal wounds
 u - 5 potions of brilliance {unknown}
 w - a potion of berserk rage {unknown}
 z - 2 potions of haste {unknown}
 B - 2 potions of might {unknown}
 C - a potion of magic {unknown}
 G - 2 potions of ambrosia {unknown}
 U - a potion of invisibility {unknown}
Books
 b - a book of Flames

   Spells                             Type                      Level
   a - Flame Tongue                   Conjuration/Fire             1
   b - Throw Flame                    Conjuration/Fire             2
   c - Conjure Flame                  Conjuration/Fire             3
   d - Inner Flame                    Hexes/Fire                   3
   e - Sticky Flame                   Conjuration/Fire             4
   f - Fireball                       Conjuration/Fire             5
 s - a Young Poisoner's Handbook

   Spells                             Type                      Level
   a - Sting                          Conjuration/Poison           1
   b - Poisonous Vapours              Poison/Air                   2
   c - Mephitic Cloud                 Conjuration/Poison/Air       3
   d - Olgreb's Toxic Radiance        Poison                       4
   e - Venom Bolt                     Conjuration/Poison           5
 x - a book of Callings

   Spells                             Type                      Level
   a - Summon Small Mammal            Summoning                    1
   b - Call Imp                       Summoning                    2
   c - Call Canine Familiar           Summoning                    3
   d - Summon Guardian Golem          Hexes/Summoning              3
   e - Summon Lightning Spire         Summoning/Air                4
   f - Summon Ice Beast               Ice/Summoning                4
 I - a book of Clouds

   Spells                             Type                      Level
   a - Poisonous Vapours              Poison/Air                   2
   b - Mephitic Cloud                 Conjuration/Poison/Air       3
   c - Conjure Flame                  Conjuration/Fire             3
   d - Freezing Cloud                 Conjuration/Ice/Air          6
   e - Ring of Flames                 Charms/Fire                  7
Comestibles
 c - 9 bread rations
 v - 10 fruits
 T - a meat ration
 W - 11 royal jellies
 X - 5 chunks of flesh


   Skills:
 + Level 4.1 Fighting
 - Level 3.3 Dodging
 - Level 4.0 Stealth
 + Level 8.5 Spellcasting
 * Level 9.3 Conjurations
 * Level 9.7 Fire Magic


You had 14 spell levels left.
You knew the following spells:

 Your Spells              Type           Power        Failure   Level  Hunger
a - Flame Tongue          Conj/Fire      #####        1%          1    None
b - Throw Flame           Conj/Fire      ######       1%          2    None
c - Conjure Flame         Conj/Fire      ######..     1%          3    None
d - Sticky Flame          Conj/Fire      ######..     1%          4    ##.....
e - Call Imp              Summ           ##......     22%         2    None


Dungeon Overview and Level Annotations

Branches:
Dungeon (9/15)             Temple (1/1) D:4
   Lair: D:8-11         Orc: D:9-12

Altars:
Ashenzari
Cheibriados
Dithmenos
Elyvilon
Fedhas
Gozag
Hepliaklqana
Kikubaaqudgha
Makhleb
Nemelex Xobeh
Okawaru
Qazlal
Ru
Sif Muna
Trog
Uskayaw
Vehumet
Xom
Yredelemnul
Zin
The Shining One


Message History

Aiming: Flame Tongue
Press: ? - help, Shift-Dir - straight line, f/p - two-headed ogre
Aim: a two-headed ogre, wielding a giant club and a giant spiked club (lightly wounded)
The flame tongue hits the two-headed ogre.
The two-headed ogre appears unharmed.
The two-headed ogre is lightly wounded.
The two-headed ogre hits you with a giant club!!
The two-headed ogre hits you with a giant spiked club!!
A two-headed ogre is nearby!
Casting: Flame Tongue
Confirm with . or Enter, or press ? or * to list all spells.
Aiming: Flame Tongue
Press: ? - help, Shift-Dir - straight line, f/p - two-headed ogre
Aim: a two-headed ogre, wielding a giant club and a giant spiked club (lightly wounded)
The flame tongue hits the two-headed ogre.
The two-headed ogre is moderately wounded.
A two-headed ogre is nearby!
There is an open door here.
The two-headed ogre hits you with a giant club!!
You die...

########### #.........#
##### #.........+
....#########.........#
###.........).........#
###########.........#
#.........# #.........#
#...@.....# #####O#####
#..# ##.# #'# ... <...#
.....# #.....#


You could see a two-headed ogre.

Vanquished Creatures
  Pikel (D:8)
  Sigmund (D:4)
  A wyvern (D:8)
  3 orc warriors
  4 sky beasts
  2 black bears (D:7)
  4 ogres
  A phantom (D:6)
  4 centaurs
  3 big kobolds (D:6)
  2 bullfrogs (Sewer)
  2 scorpions
  A water moccasin skeleton (D:8)
  An electric eel (D:6)
  A bullfrog zombie (D:7)
  A quasit (D:5)
  An iron imp (D:5)
  2 centaur skeletons
  3 orc priests
  3 bullfrog skeletons
  3 jellies (D:8)
  2 orc wizards (D:6)
  5 hounds
  Jessica (D:2)
  2 iguanas
  Ijyb (D:3)
  5 worker ants
  A hound zombie (D:8)
  9 gnolls (D:6)
  15 adders
  6 river rats
  2 shadow imps
  6 oozes
  2 adder zombies
  2 adder skeletons
  7 worms
  A dart slug (D:3)
  5 leopard geckos
  6 orcs
  13 ball pythons
  4 bats
  8 giant cockroaches
  31 goblins
  29 hobgoblins
  6 kobolds
  4 quokkas
  4 frilled lizards
  A goblin zombie (D:6)
  3 hobgoblin zombies (D:6)
  A kobold skeleton (D:6)
  2 kobold zombies (D:6)
  2 quokka skeletons
  25 rats
255 creatures vanquished.

Vanquished Creatures (collateral kills)
  A crimson imp (D:4)
1 creature vanquished.

Grand Total: 256 creatures vanquished

Notes
Turn   | Place    | Note
-------+----------+-------------------------------------------
     0 | D:1      | Naow the Deep Elf Fire Elementalist began the quest for the Orb.
     0 | D:1      | Reached XP level 1. HP: 10/10 MP: 6/6
   388 | D:1      | Reached XP level 2. HP: 11/15 MP: 4/8
   979 | D:2      | You fall through a shaft!
  1023 | D:3      | Found a hide-covered altar of Uskayaw.
  1043 | D:2      | Reached XP level 3. HP: 19/19 MP: 5/9
  1391 | D:2      | Noticed Jessica
  1397 | D:2      | Killed Jessica
  1397 | D:2      | Reached XP level 4. HP: 17/24 MP: 5/11
  1896 | D:3      | Found a burning altar of Makhleb.
  2211 | D:3      | Found a deep blue altar of Sif Muna.
  2231 | D:3      | Reached XP level 5. HP: 28/28 MP: 9/12
  2371 | D:3      | Noticed Ijyb
  2378 | D:3      | Killed Ijyb
  2560 | D:3      | Learned a level 2 spell: Throw Flame
  2564 | D:3      | Learned a level 3 spell: Conjure Flame
  2569 | D:3      | Learned a level 4 spell: Sticky Flame
  3220 | D:4      | Found a glowing silver altar of Zin.
  3494 | D:4      | Learned a level 2 spell: Call Imp
  3578 | D:4      | Found a hazy altar of Hepliaklqana.
  3579 | D:4      | Found a shimmering altar of Xom.
  3579 | D:4      | Noticed an insubstantial wisp
  3580 | D:4      | Noticed a spectral ugly thing
  3580 | D:4      | Noticed an insubstantial wisp
  3636 | D:4      | Found a basalt altar of Yredelemnul.
  3639 | D:4      | Found a glowing golden altar of the Shining One.
  3642 | D:4      | Found a blossoming altar of Fedhas.
  3734 | D:4      | Noticed Sigmund
  3989 | D:4      | Killed Sigmund
  3989 | D:4      | Reached skill level 1 in Fighting
  3989 | D:4      | Reached skill level 5 in Fire Magic
  3989 | D:4      | Reached XP level 6. HP: 23/34 MP: 0/14
  4179 | D:4      | Found a staircase to the Ecumenical Temple.
  4281 | Temple   | Entered the Ecumenical Temple
  4352 | Temple   | Became a worshipper of Vehumet
  4433 | D:5      | Entered Level 5 of the Dungeon
  4460 | D:5      | You fall through a shaft!
  4460 | D:6      | Found a glowing golden altar of the Shining One.
  4600 | D:6      | Found a glowing drain.
  4614 | Sewer    | Entered a sewer
  4783 | Sewer    | Reached XP level 7. HP: 28/38 MP: 9/16
  4790 | Sewer    | Reached * piety under Vehumet
  4790 | Sewer    | Offered knowledge of Shock by Vehumet.
  4906 | Sewer    | Reached skill level 5 in Spellcasting
  5118 | Sewer    | Reached ** piety under Vehumet
  5123 | Sewer    | Offered knowledge of Throw Frost by Vehumet.
  5124 | Sewer    | Reached skill level 5 in Conjurations
  5480 | D:6      | Got a smoking ivory ring
  5521 | D:6      | Got a dazzling mace
  5752 | D:7      | Reached XP level 8. HP: 44/44 MP: 2/18
  6511 | D:7      | Offered knowledge of Searing Ray by Vehumet.
  7415 | D:6      | Reached XP level 9. HP: 42/51 MP: 19/21
  7438 | D:6      | Reached *** piety under Vehumet
  7930 | D:6      | Offered knowledge of Static Discharge by Vehumet.
  8251 | D:6      | Reached **** piety under Vehumet
  8319 | D:6      | Offered knowledge of Stone Arrow by Vehumet.
  9087 | D:5      | Found a shadowy altar of Dithmenos.
  9328 | D:5      | Identified the +9 mace "Golur" {elec, Stlth+} (You found it on level 6 of the Dungeon)
  9329 | D:5      | Identified the ring "Gij Suuwn" {+Fly Int+4 Dex+2} (You found it on level 6 of the Dungeon)
  9482 | D:5      | Found a snail-covered altar of Cheibriados.
  9752 | D:8      | Noticed Pikel
  9758 | D:8      | Killed Pikel
  9758 | D:8      | Reached XP level 10. HP: 46/56 MP: 7/24
  9781 | D:8      | Reached ***** piety under Vehumet
  9923 | D:8      | Got an ichor-stained ring mail
  9934 | D:8      | Identified the +2 ring mail of Darkness {rPois Str+5 Int-2 SInv} (You found it on level 8 of the Dungeon)
 10161 | D:8      | Offered knowledge of Force Lance by Vehumet.
 10435 | D:9      | Noticed a two-headed ogre
 10441 | D:9      | Slain by a two-headed ogre

Skill      XL: |  1  2  3  4  5  6  7  8  9 |
---------------+----------------------------+-----
Stealth        | 3 4 |  4.0
Conjurations   | 2 4 5 7 9 |  9.3
Dodging        | 3 |  3.3
Fire Magic     | 4 5 6 7 9 |  9.7
Spellcasting   | 4 5 7 8 |  8.5
Fighting       | 1 2 3 4 |  4.1

Action                   |  1- 3 |  4- 6 |  7- 9 | 10-12 || total
-------------------------+-------+-------+-------+-------++-------
Melee: Unarmed           |     9 |       |       |       ||     9
       Dagger            |       |    18 |    18 |       ||    36
       Mace              |       |       |     5 |     3 ||     8
 Cast: Flame Tongue      |    42 |   152 |   357 |    47 ||   598
       Conjure Flame     |       |     3 |     8 |       ||    11
       Throw Flame       |       |     4 |    28 |       ||    32
       Call Imp          |       |     1 |       |       ||     1
       Sticky Flame      |       |       |    15 |     1 ||    16
  Use: Potion            |       |     1 |       |       ||     1
       Scroll            |       |     7 |     4 |       ||    11
  Eat: Chunk             |     1 |    11 |    15 |     1 ||    28
       Royal jelly       |       |       |       |     1 ||     1
Armor: Robe              |     2 |    14 |    68 |     1 ||    85
       Ring mail         |       |       |       |     7 ||     7
Dodge: Dodged            |    15 |    51 |   141 |    17 ||   224
